HSSL
OTSEGO HS BULLDOGS @ MADAWASKA VALLEY HS WOLVES
05/07/2026
 
TOP OF THE 1ST
Otsego HS Bulldogs batting - Pitching for Madawaska Valley HS Wolves : RHP Chris Brandt
Pitching: RHP Chris Brandt
Batting: RHB Miguel Vega 0-0: Called Strike
0-1: Ball
1-1: Ball
2-1: SINGLE (Flyball, 78S)
Batting: RHB Jody Stewart 0-0: Called Strike
0-1: Ball
1-1: Foul Ball, location: 2F
1-2: Foul Ball, location: 2F
1-2: Fly out, F9 (Flyball, 89S)
Batting: RHB Dave Marshall 0-0: Called Strike
0-1: Ball
1-1: SINGLE (Line Drive, 56)
Miguel Vega to second
Batting: SHB Dave Hickman 0-0: Ball
1-0: Called Strike
1-1: Ball
2-1: Fly out, F9 (Line Drive, 89M)
Batting: LHB Dave Wilkinson 0-0: Ball
1-0: Ball
2-0: Swinging Strike
2-1: Called Strike
2-2: Ball
3-2: Foul Ball, location: 2F
3-2: Base on Balls
Miguel Vega to third
Dave Marshall to second
Batting: RHB Michael Carr 0-0: Ball
1-0: Foul Ball, location: 2F
1-1: Called Strike
1-2: Ball
2-2: Ball
3-2: Foul Ball, location: 2F
3-2: Strikes out swinging
Top of the 1st over - 0 run(s), 2 hit(s), 0 error(s), 3 left on base; Otsego HS 0 - Madawaska Valley HS 0
BOTTOM OF THE 1ST
Madawaska Valley HS Wolves batting - Pitching for Otsego HS Bulldogs : RHP Casey Scott
Pitching: RHP Casey Scott
Batting: RHB Adam Carpenter 0-0: Foul Ball, location: 2F
0-1: Foul Ball, location: 2F
0-2: Ball
1-2: Foul Ball, location: 2F
1-2: Strikes out looking
Batting: SHB Artie Adams 0-0: Ground out 6-3 (Groundball, 6)
Batting: LHB Bob Campbell 0-0: Called Strike
0-1: Ball
1-1: Ball
2-1: Foul Ball, location: 2F
2-2: Ball
3-2: SINGLE (Flyball, 6MD)
Batting: LHB Marv Gardner 0-0: Called Strike
0-1: Ball
1-1: Ball
2-1: Ball
3-1: Base on Balls
Bob Campbell to second
Batting: RHB Enrique Navarro 0-0: Foul Ball, location: 2F
0-1: Ball
1-1: Ball
2-1: Foul Ball, location: 2F
2-2: Ball
3-2: Foul Ball, location: 2F
3-2: Strikes out swinging
Bottom of the 1st over - 0 run(s), 1 hit(s), 0 error(s), 2 left on base; Otsego HS 0 - Madawaska Valley HS 0
TOP OF THE 2ND
Otsego HS Bulldogs batting - Pitching for Madawaska Valley HS Wolves : RHP Chris Brandt
Batting: RHB Mike Tate 0-0: Bunt for hit - play at first, batter OUT! 5-3
Batting: LHB José Serrano 0-0: Called Strike
0-1: Ball
1-1: Foul Ball, location: 2F
1-2: Foul Ball, location: 2F
1-2: Strikes out swinging
Batting: RHB Pedro Ayala 0-0: Ball
1-0: Ball
2-0: Ball
3-0: Base on Balls
Batting: RHB Miguel Vega 0-0: Ball
1-0: Foul Ball, location: 2F
1-1: Ball
2-1: Ball
3-1: Foul Ball, location: 2F
3-2: Fly out, F3 (Popup, 34D)
Top of the 2nd over - 0 run(s), 0 hit(s), 0 error(s), 1 left on base; Otsego HS 0 - Madawaska Valley HS 0
BOTTOM OF THE 2ND
Madawaska Valley HS Wolves batting - Pitching for Otsego HS Bulldogs : RHP Casey Scott
Batting: RHB Leo Snyder 0-0: Foul Ball, location: 2F
0-1: Ground out 6-3 (Groundball, 6M)
Batting: RHB Brandon Little 0-0: Ball
1-0: Called Strike
1-1: Called Strike
1-2: Strikes out looking
Batting: RHB David Simmons 0-0: Ball
1-0: Ball
2-0: Ball
3-0: Base on Balls
Batting: RHB Weldon Lott 0-0: Ball
1-0: Ball
2-0: Ball
3-0: Base on Balls
David Simmons to second
Batting: RHB Adam Carpenter 0-0: Ball
1-0: Ball
2-0: Ball
3-0: Base on Balls
David Simmons to third
Weldon Lott to second
Batting: SHB Artie Adams 0-0: Called Strike
0-1: Ball
1-1: Swinging Strike
1-2: Ball
2-2: Strikes out swinging
Bottom of the 2nd over - 0 run(s), 0 hit(s), 0 error(s), 3 left on base; Otsego HS 0 - Madawaska Valley HS 0
TOP OF THE 3RD
Otsego HS Bulldogs batting - Pitching for Madawaska Valley HS Wolves : RHP Chris Brandt
Batting: RHB Jody Stewart 0-0: Foul Ball, location: 2F
0-1: Ball
1-1: SINGLE (Groundball, 56D)
Batting: RHB Dave Marshall 0-0: Called Strike
0-1: Called Strike
0-2: Ball
1-2: Strikes out looking
Batting: SHB Dave Hickman 0-0: Called Strike
0-1: Swinging Strike
0-2: Foul Ball, location: 2F
0-2: SINGLE (Groundball, 4MD)
Jody Stewart to second
Throwing error, E8
Jody Stewart scores
Dave Hickman to second
Batting: LHB Dave Wilkinson 0-0: Ground out 5-3 (Groundball, 6S)
Dave Hickman to third
Batting: RHB Michael Carr 0-0: Ball
1-0: Ball
2-0: Ball
3-0: Called Strike
3-1: Foul Ball, location: 2F
3-2: Base on Balls
Batting: RHB Mike Tate 0-0: Ball
1-0: Ball
2-0: Ball
3-0: Base on Balls
Michael Carr to second
Batting: LHB José Serrano 0-0: Ball
1-0: Called Strike
1-1: Ball
2-1: Ball
3-1: Base on Balls
Dave Hickman scores
Michael Carr to third
Mike Tate to second
Batting: RHB Pedro Ayala 0-0: Ball
1-0: Ball
2-0: Fly out, F3 (Popup, 23F)
Top of the 3rd over - 2 run(s), 2 hit(s), 1 error(s), 3 left on base; Otsego HS 2 - Madawaska Valley HS 0
BOTTOM OF THE 3RD
Madawaska Valley HS Wolves batting - Pitching for Otsego HS Bulldogs : RHP Casey Scott
Batting: LHB Bob Campbell 0-0: Ball
1-0: Ball
2-0: Ball
3-0: Base on Balls
Batting: LHB Marv Gardner 0-0: Called Strike
0-1: Ball
1-1: Ball
2-1: Swinging Strike
2-2: Fly out, F8 (Flyball, 8LS)
Batting: RHB Enrique Navarro 0-0: Ball
1-0: Ball
2-0: Foul Ball, location: 2F
2-1: Called Strike
2-2: Ball
Wild Pitch!
Bob Campbell to second
3-2: Base on Balls
Batting: RHB Leo Snyder 0-0: Called Strike
0-1: Swinging Strike
0-2: Ball
1-2: Ball
2-2: Strikes out swinging
Batting: RHB Brandon Little 0-0: Ball
1-0: Called Strike
1-1: Fly out, F8 (Flyball, 8LM)
Bottom of the 3rd over - 0 run(s), 0 hit(s), 0 error(s), 2 left on base; Otsego HS 2 - Madawaska Valley HS 0
TOP OF THE 4TH
Otsego HS Bulldogs batting - Pitching for Madawaska Valley HS Wolves : RHP Chris Brandt
Batting: RHB Miguel Vega 0-0: Ball
1-0: Ball
2-0: Called Strike
2-1: DOUBLE (Groundball, 5L)
Pitching: RHP Mark Bailey
Batting: RHB Jody Stewart 0-0: Foul Ball, location: 2F
0-1: Ball
1-1: Ball
2-1: Ball
3-1: Called Strike
3-2: Base on Balls
Batting: RHB Dave Marshall 0-0: Swinging Strike
0-1: Ball
1-1: Ball
2-1: Swinging Strike
2-2: Strikes out swinging
Batting: SHB Dave Hickman 0-0: Ball
1-0: Foul Ball, location: 2F
1-1: Ball
2-1: Swinging Strike
2-2: Ball
3-2: Base on Balls
Miguel Vega to third
Jody Stewart to second
Batting: LHB Dave Wilkinson 0-0: Ball
1-0: SINGLE (Line Drive, 78S)
Miguel Vega scores
Jody Stewart to third
Dave Hickman to second
Batting: RHB Michael Carr 0-0: DOUBLE (Line Drive, 3D)
Jody Stewart scores
Dave Hickman scores
Dave Wilkinson to third
Batting: RHB Mike Tate 0-0: Foul Ball, location: 2F
0-1: SINGLE (Groundball, 56D)
Dave Wilkinson scores
Michael Carr to third
Runner from 3rd tries for Home, SAFE, throw made home
Mike Tate to second
Batting: LHB José Serrano 0-0: Ball
1-0: Called Strike
1-1: Ball
Mike Tate is caught stealing 3rd base
2-1: Ball
3-1: Called Strike
3-2: Strikes out swinging
Top of the 4th over - 5 run(s), 4 hit(s), 0 error(s), 0 left on base; Otsego HS 7 - Madawaska Valley HS 0
BOTTOM OF THE 4TH
Madawaska Valley HS Wolves batting - Pitching for Otsego HS Bulldogs : RHP Casey Scott
Batting: RHB David Simmons 0-0: Ball
1-0: Ball
2-0: Ball
3-0: Base on Balls
Batting: RHB Weldon Lott 0-0: Called Strike
David Simmons steals 2nd base
0-1: Called Strike
0-2: Ball
1-2: Foul Ball, location: 2F
1-2: Ball
2-2: Strikes out swinging
Pitching: RHP Robinson Jiménez
Batting: RHB Adam Carpenter 0-0: Ball
1-0: Foul Ball, location: 2F
1-1: Fly out, F8 (Flyball, 8LM)
Batting: SHB Artie Adams 0-0: Ball
1-0: Foul Ball, location: 2F
1-1: Ball
2-1: Foul Ball, location: 2F
2-2: 2-RUN HOME RUN (Flyball, 89XD), Distance : 441 ft
Batting: LHB Bob Campbell 0-0: Called Strike
0-1: Fly out, F7 (Flyball, 7M)
Bottom of the 4th over - 2 run(s), 1 hit(s), 0 error(s), 0 left on base; Otsego HS 7 - Madawaska Valley HS 2
TOP OF THE 5TH
Otsego HS Bulldogs batting - Pitching for Madawaska Valley HS Wolves : RHP Mark Bailey
Batting: RHB Pedro Ayala 0-0: Called Strike
0-1: Ball
1-1: Ball
2-1: Foul Ball, location: 2F
2-2: Ball
3-2: Base on Balls
Batting: RHB Miguel Vega 0-0: Ball
1-0: Fielders Choice at 2nd, 1-6 (Groundball, 15S)
Batting: RHB Jody Stewart 0-0: Swinging Strike
0-1: Foul Ball, location: 2F
0-2: Ball
1-2: Strikes out swinging
Batting: RHB Dave Marshall 0-0: Called Strike
0-1: SINGLE (Flyball, 89S)
Miguel Vega to second
Runner from 2nd tries for 3rd, SAFE, no throw or cutoff
Batting: SHB Dave Hickman 0-0: Called Strike
0-1: Swinging Strike
0-2: Foul Ball, location: 2F
0-2: Fly out, F7 (Flyball, 7S)
Top of the 5th over - 0 run(s), 1 hit(s), 0 error(s), 2 left on base; Otsego HS 7 - Madawaska Valley HS 2
BOTTOM OF THE 5TH
Madawaska Valley HS Wolves batting - Pitching for Otsego HS Bulldogs : RHP Robinson Jiménez
Batting: LHB Marv Gardner 0-0: Swinging Strike
0-1: Ball
1-1: Ball
2-1: Ball
3-1: Base on Balls
Batting: RHB Enrique Navarro 0-0: Ball
1-0: Ball
2-0: Ball
3-0: Called Strike
3-1: Base on Balls
Marv Gardner to second
Batting: RHB Leo Snyder 0-0: SINGLE (Line Drive, 8LS)
Marv Gardner to third
Enrique Navarro to second
Batting: RHB Brandon Little 0-0: Called Strike
0-1: Swinging Strike
0-2: Strikes out swinging
Batting: RHB David Simmons 0-0: Ball
1-0: Called Strike
1-1: Ball
2-1: Foul Ball, location: 2F
2-2: Strikes out swinging
Batting: RHB Weldon Lott 0-0: Called Strike
0-1: Ball
1-1: Swinging Strike
1-2: Foul Ball, location: 2F
1-2: GRAND SLAM HOME RUN (Flyball, 7D), Distance : 390 ft
Pitching: RHP Clint George
Batting: RHB Adam Carpenter 0-0: Called Strike
0-1: Ball
1-1: Called Strike
1-2: Fly out, F3 (Popup, 3F)
Bottom of the 5th over - 4 run(s), 2 hit(s), 0 error(s), 0 left on base; Otsego HS 7 - Madawaska Valley HS 6
TOP OF THE 6TH
Otsego HS Bulldogs batting - Pitching for Madawaska Valley HS Wolves : RHP Mark Bailey
Pitching: RHP Terry Gray
Batting: LHB Dave Wilkinson 0-0: Ball
1-0: Called Strike
1-1: Ball
2-1: Fly out, F9 (Line Drive, 9M)
Batting: RHB Michael Carr 0-0: Fly out, F9 (Flyball, 9M)
Batting: RHB Mike Tate 0-0: Ball
1-0: Called Strike
1-1: Ball
2-1: SINGLE (Line Drive, 8LS)
Batting: LHB José Serrano 0-0: Called Strike
Mike Tate steals 2nd base
0-1: Swinging Strike
0-2: Ball
1-2: Foul Ball, location: 2F
1-2: Strikes out swinging
Top of the 6th over - 0 run(s), 1 hit(s), 0 error(s), 1 left on base; Otsego HS 7 - Madawaska Valley HS 6
BOTTOM OF THE 6TH
Madawaska Valley HS Wolves batting - Pitching for Otsego HS Bulldogs : RHP Clint George
Batting: SHB Artie Adams 0-0: Ball
1-0: Ground out 3-1 (Groundball, 3)
Batting: LHB Bob Campbell 0-0: Ball
1-0: Ball
2-0: Ball
3-0: Base on Balls
Batting: LHB Marv Gardner 0-0: Called Strike
0-1: Called Strike
Throwing error on steal attempt, E2
Bob Campbell to third
0-2: Ball
1-2: Ball
2-2: Foul Ball, location: 2F
2-2: SINGLE (Line Drive, 9LM)
Bob Campbell scores
Batting: RHB Enrique Navarro 0-0: Ball
1-0: Fly out, F7 (Line Drive, 78M)
Batting: RHB Leo Snyder 0-0: Ball
1-0: Ball
2-0: Ball
3-0: Called Strike
3-1: Base on Balls
Marv Gardner to second
Batting: RHB Brandon Little 0-0: Ball
1-0: Foul Ball, location: 2F
1-1: DOUBLE (Line Drive, 89M)
Marv Gardner scores
Leo Snyder to third
Runner from 3rd tries for Home, SAFE, no throw or cutoff
Pitching: RHP Larry Simonds
Batting: RHB David Simmons 0-0: Called Strike
0-1: Ball
1-1: SINGLE (Line Drive, 9LS)
Brandon Little to third
Runner from 3rd tries for Home, SAFE, no throw or cutoff
Batting: RHB Weldon Lott 0-0: Foul Ball, location: 2F
0-1: Ball
1-1: Swinging Strike
1-2: Strikes out swinging
Bottom of the 6th over - 4 run(s), 3 hit(s), 1 error(s), 1 left on base; Otsego HS 7 - Madawaska Valley HS 10
TOP OF THE 7TH
Otsego HS Bulldogs batting - Pitching for Madawaska Valley HS Wolves : RHP Terry Gray
Batting: RHB Pedro Ayala 0-0: Ball
1-0: Ball
2-0: Ball
3-0: Called Strike
3-1: Foul Ball, location: 2F
3-2: Foul Ball, location: 2F
3-2: Base on Balls
Batting: RHB Miguel Vega 0-0: Ball
1-0: Foul Ball, location: 2F
1-1: Ball
2-1: Foul Ball, location: 2F
2-2: Strikes out looking
Batting: RHB Jody Stewart 0-0: Ball
1-0: Foul Ball, location: 2F
1-1: Swinging Strike
1-2: SINGLE (Line Drive, 34D)
Pedro Ayala to second
Batting: RHB Dave Marshall 0-0: Swinging Strike
0-1: Ball
1-1: Foul Ball, location: 2F
1-2: Ball
2-2: Foul Ball, location: 2F
2-2: Ball
3-2: Base on Balls
Pedro Ayala to third
Jody Stewart to second
Batting: SHB Dave Hickman 0-0: Ball
1-0: Called Strike
1-1: Ball
2-1: SINGLE (Line Drive, 8RS)
Pedro Ayala scores
Jody Stewart to third
Dave Marshall to second
Batting: LHB Dave Wilkinson 0-0: Ball
1-0: Called Strike
1-1: Ball
2-1: Ball
3-1: Called Strike
3-2: Base on Balls
Jody Stewart scores
Dave Marshall to third
Dave Hickman to second
Batting: RHB Michael Carr 0-0: Ball
Wild Pitch!
Dave Marshall scores
Dave Hickman to third
Dave Wilkinson to second
1-0: Foul Ball, location: 2F
1-1: Ball
2-1: Foul Ball, location: 2F
2-2: Fly out, F9 (Flyball, 89M)
Runner from 3rd tags up, OUT at HOME
Top of the 7th over - 3 run(s), 2 hit(s), 0 error(s), 1 left on base; Otsego HS 10 - Madawaska Valley HS 10
BOTTOM OF THE 7TH
Madawaska Valley HS Wolves batting - Pitching for Otsego HS Bulldogs : RHP Larry Simonds
Batting: RHB Adam Carpenter 0-0: Ball
1-0: Ball
2-0: Ball
3-0: Called Strike
3-1: Foul Ball, location: 2F
3-2: Fly out, F8 (Flyball, 8RM)
Batting: SHB Artie Adams 0-0: Foul Ball, location: 2F
0-1: Foul Ball, location: 2F
0-2: Foul Ball, location: 2F
0-2: Ball
1-2: Ball
2-2: Ground out U3 (Groundball, 3)
Batting: LHB Bob Campbell 0-0: Foul Ball, location: 2F
0-1: Ball
1-1: Ball
2-1: SINGLE (Groundball, 34)
Batting: LHB Marv Gardner 0-0: Ball
1-0: Ball
2-0: Ball
3-0: Called Strike
3-1: Fly out, F7 (Flyball, 7M)
Bottom of the 7th over - 0 run(s), 1 hit(s), 0 error(s), 1 left on base; Otsego HS 10 - Madawaska Valley HS 10
TOP OF THE 8TH
Otsego HS Bulldogs batting - Pitching for Madawaska Valley HS Wolves : RHP Terry Gray
Pitching: RHP Charlie Willis
Batting: RHB Mike Tate 0-0: Ball
1-0: Called Strike
1-1: Swinging Strike
1-2: Strikes out swinging
Batting: LHB José Serrano 0-0: Ball
1-0: Ball
2-0: Ball
3-0: Called Strike
3-1: Base on Balls
Batting: RHB Pedro Ayala 0-0: Ball
1-0: Ball
2-0: Ball
3-0: Called Strike
3-1: Base on Balls
José Serrano to second
Batting: RHB Miguel Vega 0-0: Called Strike
0-1: Ball
1-1: Ball
2-1: Foul Ball, location: 2F
2-2: Strikes out swinging
Batting: RHB Jody Stewart 0-0: Ball
1-0: Swinging Strike
1-1: Ground out 6-3 (Groundball, 6)
Top of the 8th over - 0 run(s), 0 hit(s), 0 error(s), 2 left on base; Otsego HS 10 - Madawaska Valley HS 10
BOTTOM OF THE 8TH
Madawaska Valley HS Wolves batting - Pitching for Otsego HS Bulldogs : RHP Larry Simonds
Batting: RHB Enrique Navarro 0-0: Ball
1-0: Ball
2-0: Ball
3-0: Base on Balls
Batting: RHB Leo Snyder 0-0: Bunted foul
0-1: Bunted foul
0-2: Ball
1-2: Ball
2-2: Foul Ball, location: 2F
2-2: Foul Ball, location: 2F
2-2: Foul Ball, location: 2F
2-2: Foul Ball, location: 2F
2-2: Ball
3-2: Foul Ball, location: 2F
3-2: SINGLE (Groundball, 56D)
Enrique Navarro to second
Pitching: RHP Jorge Alarcon
Batting: RHB Brandon Little 0-0: Called Strike
0-1: Foul Ball, location: 2F
0-2: Strikes out swinging
Batting: RHB David Simmons 0-0: Ball
1-0: SINGLE (Flyball, 8LS)
Enrique Navarro to third
Leo Snyder to second
Runner from 3rd tries for Home, SAFE, throw made home
Batting: RHB Weldon Lott 0-0: 3-RUN HOME RUN (Line Drive, 7LD), Distance : 357 ft
Batting: RHB Adam Carpenter 0-0: Called Strike
0-1: Fly out, F4 (Popup, 4D)
Batting: SHB Artie Adams 0-0: Fly out, F9 (Flyball, 89S)
Bottom of the 8th over - 4 run(s), 3 hit(s), 0 error(s), 0 left on base; Otsego HS 10 - Madawaska Valley HS 14
TOP OF THE 9TH
Otsego HS Bulldogs batting - Pitching for Madawaska Valley HS Wolves : RHP Charlie Willis
Batting: RHB Dave Marshall 0-0: Ball
1-0: Foul Ball, location: 2F
1-1: Called Strike
1-2: Ball
2-2: Ball
3-2: DOUBLE (Line Drive, 5L)
Batting: SHB Dave Hickman 0-0: Ball
1-0: Ball
2-0: Foul Ball, location: 2F
2-1: Foul Ball, location: 2F
2-2: Ball
3-2: Base on Balls
Pitching: LHP Arthur Warren
Batting: LHB Dave Wilkinson 0-0: Called Strike
0-1: Ball
1-1: Ball
2-1: Called Strike
2-2: Ground out 3-1 (Groundball, 34)
Dave Marshall to third
Dave Hickman to second
Batting: RHB Michael Carr 0-0: Ball
1-0: Called Strike
1-1: Swinging Strike
1-2: Ball
2-2: Foul Ball, location: 2F
2-2: Strikes out swinging
Batting: RHB Mike Tate 0-0: Ball
1-0: Ball
2-0: Called Strike
2-1: Foul Ball, location: 2F
2-2: SINGLE (Line Drive, 8LS)
Dave Marshall scores
Dave Hickman to third
Batting: LHB José Serrano 0-0: Called Strike
0-1: Ball
1-1: Ball
2-1: Swinging Strike
2-2: Fielders Choice at 2nd, U6 (Groundball, 6M)
Top of the 9th over - 1 run(s), 2 hit(s), 0 error(s), 2 left on base; Otsego HS 11 - Madawaska Valley HS 14
Monday, December 5th, 2016 - OOTP Baseball 17.12 Build 75